 Dungeon Crawl Stone Soup version 0.19-a0-1223-gf83d13a (webtiles) character file.

872 4thArraOfDagon the Firebug (level 7, -1/36 HPs)
             Began as a Deep Elf Fire Elementalist on Aug 24, 2016.
             Was an Initiate of Ru.
             Slain by a scorpion (3 damage)
             ... on level 9 of the Dungeon.
             The game lasted 00:09:31 (1574 turns).

4thArraOfDagon the Firebug (DEFE)                   Turns: 1574, Time: 00:09:32

Health: -1/36      AC:  5    Str:  5      XL:     7   Next: 74%
Magic:  0/17       EV: 12    Int: 22      God:    Ru [......]
Gold:   62         SH:  0    Dex:  9 (15) Spells: 4 memorised, 4 levels left

rFire  . . .     SeeInvis .     k - +0 spear
rCold  . . .     Gourm    .     a - +0 robe
rNeg   . . .     Faith    .     (no shield)
rPois  .         Spirit   .     d - +1 helmet
rElec  .         Dismiss  .     (no cloak)
rCorr  .         Reflect  .     (no gloves)
MR     .....     Harm     .     m - +0 pair of boots
Stlth  ++........               (no amulet)
                                (no ring)
                                (no ring)

@: lethally poisoned (-1 -> -6)
A: no striking features
a: Renounce Religion


You were on level 9 of the Dungeon.
You worshipped Ru.
Ru was noncommittal.
You were not hungry.

You visited 1 branch of the dungeon, and saw 9 of its levels.
You also visited: Sewer.

You collected 62 gold pieces.

Inventory:

Hand Weapons
 g - a +0 dagger
 k - a +0 spear (weapon)
Armour
 a - a +0 robe (worn)
 d - a +1 helmet (worn)
 m - a +0 pair of boots (worn)
Scrolls
 e - a scroll of remove curse
 i - a scroll of fog
 j - a scroll of identify
 n - a scroll of enchant armour
Potions
 f - a potion of cancellation
Books
 b - a book of Flames

   Spells                             Type                      Level
   a - Flame Tongue                   Conjuration/Fire             1
   b - Throw Flame                    Conjuration/Fire             2
   c - Conjure Flame                  Conjuration/Fire             3
   d - Inner Flame                    Hexes/Fire                   3
   e - Sticky Flame                   Conjuration/Fire             4
   f - Fireball                       Conjuration/Fire             5
Comestibles
 c - 4 bread rations
 h - a meat ration
 l - a beef jerky


   Skills:
 - Level 2.4 Dodging
 - Level 2.4 Stealth
 + Level 5.9 Spellcasting
 * Level 5.9 Conjurations
 * Level 7.1 Fire Magic


You had 4 spell levels left.
You knew the following spells:

 Your Spells              Type           Power        Failure   Level  Hunger
a - Flame Tongue          Conj/Fire      #####        1%          1    None
b - Conjure Flame         Conj/Fire      #####...     1%          3    #......
c - Sticky Flame          Conj/Fire      #####...     10%         4    ###....
d - Fireball              Conj/Fire      #####.....   21%         5    #####..


Dungeon Overview and Level Annotations

Branches:
Dungeon (9/15)
 Temple: D:4-7         Lair: D:8-11         Orc: D:9-12

Altars:
Fedhas
Ru
Uskayaw

Annotations:
D:7 Prince Ribbit


Message History

You feel sick.
It was a potion of cure mutation.
It has a very clean taste.
You feel stupid.
You feel weaker.
* * * LOW HITPOINT WARNING * * *
You feel sick. The scorpion misses you.
Unknown command.
Unknown command.
* * * LOW HITPOINT WARNING * * *
You feel sick.
There is a stone staircase leading up here.
Casting: Flame Tongue
Confirm with . or Enter, or press ? or * to list all spells.
Aiming: Flame Tongue
Press: ? - help, Shift-Dir - straight line, f/p - scorpion
Aim: a scorpion (almost dead)
The flame tongue hits the scorpion.
The scorpion is almost dead.
* * * LOW HITPOINT WARNING * * *
You feel sick. The scorpion stings you.
You die...

#.##.##...##
.####..........#
.........#.#.#.#
########.....#.# #
#..<.....#.....#
#........#.#.###
#........#.....#.#
#........###.....#
#.........s@.#.##
#.....<.######.#
#........
#########. .# #


You could see a scorpion.

Vanquished Creatures
  A yak (D:8)
  A sky beast (D:8)
  An ogre (D:6)
  A centaur (D:8)
  2 giant frogs
  A scorpion (D:8)
  An orc priest (D:7)
  A quasit (D:7)
  2 jellies
  A giant frog skeleton (D:6)
  An iguana (D:6)
  An orc wizard (D:7)
  A killer bee zombie (D:8)
  A worker ant zombie (D:7)
  A howler monkey skeleton (D:4)
  4 adders
  An ooze (D:2)
  A worm (D:6)
  A giant gecko (D:7)
  7 orcs
  3 bats
  2 jackals (D:7)
  A quokka (D:1)
  A giant gecko zombie (D:8)
  A giant newt (D:4)
  A kobold (D:2)
40 creatures vanquished.

Notes
Turn   | Place    | Note
-------+----------+-------------------------------------------
     0 | D:1      | 4thArraOfDagon the Deep Elf Fire Elementalist began the quest for the Orb.
     0 | D:1      | Reached XP level 1. HP: 10/10 MP: 6/6
    85 | D:2      | Ultraviolent4: will you take any god on this or do you need temple?
   115 | D:2      | Reached XP level 2. HP: 15/15 MP: 2/8
   310 | D:5      | Entered Level 5 of the Dungeon
   338 | D:5      | Reached skill level 4 in Fire Magic
   338 | D:5      | Reached XP level 3. HP: 17/19 MP: 3/9
   343 | D:5      | Learned a level 3 spell: Conjure Flame
   392 | D:5      | 4thArraOfDagon: need sif/veh
   410 | D:5      | Noticed a phantom
   413 | D:5      | 4thArraOfDagon: would prefer sif
   542 | D:4      | Found a blossoming altar of Fedhas.
   543 | D:4      | Noticed a centaur
   647 | D:6      | Found a glowing drain.
   655 | Sewer    | Entered a sewer
   685 | D:6      | Ultraviolent4: frogs :/
   726 | D:6      | Noticed an ogre
   733 | D:6      | Killed an ogre
   733 | D:6      | Reached XP level 4. HP: 24/24 MP: 0/11
   733 | D:6      | Reached XP level 5. HP: 28/28 MP: 0/12
   863 | D:6      | Reached skill level 5 in Fire Magic
   918 | D:6      | Learned a level 4 spell: Sticky Flame
   988 | D:6      | Reached XP level 6. HP: 29/32 MP: 0/14
  1021 | D:7      | Noticed Prince Ribbit
  1088 | D:7      | Found a sacrificial altar of Ru.
  1092 | D:7      | Found a hide-covered altar of Uskayaw.
  1092 | D:7      | Found a blossoming altar of Fedhas.
  1098 | D:7      | Became a worshipper of Ru the Awakened
  1116 | D:7      | Ultraviolent4: game really wants you to go fedhas
  1283 | D:7      | Reached skill level 5 in Spellcasting
  1283 | D:7      | Reached skill level 6 in Fire Magic
  1352 | D:7      | 4thArraOfDagon: cant go back
  1398 | D:8      | Noticed a sky beast
  1405 | D:8      | Reached XP level 7. HP: 30/36 MP: 5/16
  1412 | D:8      | Reached skill level 5 in Conjurations
  1426 | D:8      | Gained mutation: Your mind is acute. (Int +2) [mutagenic meat]
  1429 | D:8      | Gained mutation: Your muscles are strong. (Str +2) [mutagenic meat]
  1462 | D:8      | jacquesderrida: Eee
  1471 | D:8      | Learned a level 5 spell: Fireball
  1476 | D:8      | Noticed a yak
  1476 | D:8      | Noticed a yak
  1477 | D:8      | Noticed a yak
  1488 | D:8      | Noticed a yak
  1492 | D:8      | Killed a yak
  1511 | D:8      | Reached skill level 7 in Fire Magic
  1570 | D:9      | Lost mutation: Your mind is acute. (Int +2) [potion of cure mutation]
  1570 | D:9      | Lost mutation: Your muscles are strong. (Str +2) [potion of cure mutation]
  1574 | D:9      | Slain by a scorpion

Vault maps used:
D:1:      dpeg_arrival_arbitrary_a
D:2:      nrook_mini_vaults, uniq_natasha
D:3:      first_bread, minmay_misc_feat_diagonals, hangedman_decor_peaks_small,
          uniq_jessica, uniq_terence
D:4:      fedhas_bush_and_centaur_altar
D:5:      okawaru_altar_gauntlet_db
D:6:      lightli_sewer_entry_pipes, grunt_decor_arrowhead, kennysheep_diamond,
          uniq_menkaure
D:7:      gammafunk_temple_overflow_forgotten, uniq_prince_ribbit1
D:8:      marbit_many_paths, basic_altar, uniq_grum
D:9:      dragon1_lemuel, nicolae_qazlal_general_emergency
Sewer:    kennysheep_sewer_church

Skill      XL: |  1  2  3  4  5  6  7 |
---------------+----------------------+-----
Conjurations   | 2 3 4 5 |  5.9
Fire Magic     | 4 5 6 7 |  7.1
Spellcasting   | 4 5 |  5.9
Dodging        | |  2.4
Stealth        | |  2.4

Action                   |  1- 3 |  4- 6 |  7- 9 || total
-------------------------+-------+-------+-------++-------
Melee: Dagger            |     2 |       |       ||     2
       Spear             |       |    41 |    21 ||    62
 Cast: Flame Tongue      |    41 |    30 |     5 ||    76
       Conjure Flame     |     1 |     3 |     2 ||     6
       Sticky Flame      |       |     6 |     5 ||    11
  Use: Scroll            |     1 |     3 |     1 ||     5
       Potion            |       |     4 |     1 ||     5
 Stab: Sleeping          |     2 |       |       ||     2
  Eat: Chunk             |       |     3 |     2 ||     5
       Fruit             |       |       |     2 ||     2
Armor: Robe              |     1 |    43 |     8 ||    52
Dodge: Dodged            |    12 |    72 |    18 ||   102
